 Dungeon Crawl Stone Soup version 0.30.1-4-g462c640d31 (webtiles) character file.

Game seed: 14614879193385842452

35 Zeor the Slasher (level 3, -1/29 HPs)
             Began as a Draconian Reaver on Sept 5, 2023.
             Slain by an orc
             ... wielding a +0 flail
              (7 damage)
             ... on level 2 of the Dungeon.
             The game lasted 00:02:24 (660 turns).

Zeor the Slasher (Draconian Reaver)                  Turns: 660, Time: 00:02:26

Health: -1/29      AC:  5    Str: 14    XL:     3   Next: 16%
Magic:  4/6        EV: 12    Int: 15    God:
Gold:   11         SH:  0    Dex:  9    Spells: 3/6 levels left

rFire   . . .        a - +0 long sword
rCold   . . .        (no shield)
rNeg    . . .        (body armour unavailable)
rPois   .            (helmet restricted)
rElec   .            (no cloak)
rCorr   .            (no gloves)
SInv    .            (no boots)
Will    .....        (no amulet)
Stlth   +            (no ring)
HPRegen 0.24/turn    (no ring)
MPRegen 0.10/turn

%: no passive effects
@: very slightly contaminated
A: AC +5, unfitting armour, cold-blooded
a: no special abilities


You were on level 2 of the Dungeon.
You visited 1 branch of the dungeon, and saw 2 of its levels.

You collected 11 gold pieces.

Inventory:

Hand Weapons
 a - a +0 long sword (weapon)
 c - a +0 falchion
Missiles
 h - 6 curare-tipped darts
Scrolls
 g - 2 scrolls of teleportation
Potions
 d - a potion of ambrosia
 e - 2 potions of lignification {unknown}


   Skills:
 + Level 2.2 Fighting
 * Level 3.8 Long Blades
 + Level 1.8 Dodging
 * Level 2.1 Spellcasting
 * Level 3.4 Conjurations


You had 3 spell levels left.
You knew the following spells:

 Your Spells              Type           Power      Damage    Failure   Level
k - Kiss of Death         Conj/Necr      24%        2d7       11%         1
s - Momentum Strike       Conj/Tloc      12%        3d8       17%         2

Your spell library contained the following spells:

 Spells                   Type           Power      Damage    Failure   Level
 Hailstorm                Conj/Ice       6%         3d4       32%         3


Dungeon Overview and Level Annotations

Branches:
Dungeon (2/15)

Altars:


Innate Abilities, Weirdness & Mutations

Your plain brown scales are hard. (AC +5)
You cannot fit into any form of body armour.
You are cold-blooded and may be slowed by cold attacks.


Message History

The bat barely misses you. x2
You closely miss the bat.
The bat is severely wounded.
The bat closely misses you. The bat hits you but does no damage.
You barely miss the bat.
The bat is severely wounded.
The bat hits you but does no damage. The bat misses you.
The bat hits you but does no damage.
You miss the bat.
Your tail-slap misses the bat.
The bat is severely wounded.
The bat hits you but does no damage. x2
You hit the bat.
You kill the bat!
A kobold comes into view. It is wielding a +0 short sword.
The orc shouts!
You hear a shout! x2
The orc drinks a potion.
The orc seems to grow stronger.
You hit the orc.
You tail-slap the orc, but do no damage.
The orc is heavily wounded.
The orc hits you with a +0 flail!
You closely miss the orc.
The orc is heavily wounded.
The orc closely misses you.
You barely miss the orc.
The orc is heavily wounded.
The orc hits you with a +0 flail. The orc closely misses you.
You hit the orc. You tail-slap the orc.
The orc is severely wounded.
The orc hits you with a +0 flail!
* * * LOW HITPOINT WARNING * * *
Casting: Momentum Strike (safe; 17% risk of failure)
Confirm with . or Enter, or press ? or * to list all spells.
Aiming: Momentum Strike (safe; 17% risk of failure)
Press: ? - help, Dir - move target, f - orc
Aim: an orc, wielding a +0 flail (severely wounded, strong, 68% to hit)
You miscast Momentum Strike.
You are very lightly contaminated with residual magic.
Nothing appears to happen.
The orc hits you with a +0 flail!
You die...

▒ ▒∙∙▒∙∙▒∙∙∙∙∙
▒▒▒▒▒∙
∙o∙∙∙∙▒▒▒∙
)∙∙∙∙∙▒▒▒▒▒▒▒▒▒▒
▒▒∙∙▒▒ ∙
∙∙∙∙∙∙∙∙∙†∙∙∙∙∙∙
▒▒▒▒▒▒▒∙▒▒▒▒▒▒▒∙
▒▒▒▒▒∙∙▒▒▒
▒∙∙∙∙∙∙∙∙▒▒▒
▒∙▒▒▒▒▒∙∙∙∙▒ ▒∙▒
▒∙∙∙d▒ ▒▒▒▒▒∙▒
▒∙∙∙∙oK∙∙▒
▒∙∙∙∙∙▒
▒∙∙∙∙▒▒∙∙∙▒
▒∙▒▒▒▒▒ ▒∙∙∙∙▒
▒∙▒ ▒∙▒ ▒▒▒▒▒▒
∙∙ ▒∙▒
▒∙▒▒▒▒▒▒▒▒▒
▒∙▒∙▒∙▒∙▒∙▒∙▒▒▒
▒∙∙∙∙∙∙∙∙∙∙∙∙∙▒∙


You could see an orc (strong) and a kobold.

Vanquished Creatures
  An adder (D:2)
  A dart slug (D:1)
  3 bats
  3 endoplasms (D:1)
  A giant cockroach (D:1)
  2 hobgoblins (D:1)
  2 ball pythons
  2 goblins
  5 kobolds (D:1)
  3 rats (D:1)
23 creatures vanquished.

Notes
Turn   | Place    | Note
-------+----------+-------------------------------------------
     0 | D:1      | Zeor the Draconian Reaver began the quest for the Orb.
     0 | D:1      | Reached XP level 1. HP: 17/17 MP: 3/3
   115 | D:1      | Reached XP level 2. HP: 20/24 MP: 5/5
   127 | D:1      | Learned a level 2 spell: Momentum Strike
   567 | D:2      | Reached XP level 3. HP: 26/29 MP: 6/6
   660 | D:2      | Slain by an orc

Illustrated notes

Levels and vault maps discovered:
D:1:      lightli_arrival_boilingwater, layout_rooms
D:2:      layout_basic, serial_bayou_pond_d, st_stairs_9,
          grunt_decor_mini_mirrors, uniq_jessica

Action                     || total
---------------------------++-------
  Melee: Falchion          ||    20
         Tailslap          ||     9
         Long sword        ||    42
         Punch             ||     1
   Cast: Momentum Strike   ||     5
    Use: Scroll            ||     6
 Armour: Skin              ||    16
  Dodge: Dodged            ||    38
